 Dungeon Crawl Stone Soup version 0.16.0 (webtiles) character file.

409427 Fiveotanaka the Sensei (level 23, -15/126 HPs)
             Began as a Vine Stalker Monk on Mar 18, 2015.
             Was the Champion of Okawaru.
             Killed from afar by a storm dragon (16 damage)
             ... with a bolt of lightning
             ... on level 4 of the Depths on Mar 19, 2015.
             The game lasted 04:14:48 (46952 turns).

Fiveotanaka the Sensei (Vine Stalker Monk)         Turns: 46952, Time: 04:14:49

Health: -15/126    AC: 39    Str: 21    XL:     23   Next: 47%
Magic:  0/19       EV: 25    Int: 10    God:    Okawaru [******]
Gold:   5798       SH:  7    Dex: 31    Spells: 2 memorised, 18 levels left

rFire  + + .     SeeInvis .       - Unarmed
rCold  + . .     Clarity  .     p - +10 plate armour of the Undertaker {rF++ MP-9}
rNeg   . . .     SustAb   .     D - +0 buckler {rC+}
rPois  +         Gourm    .     T - +0 helmet "Xeplajir" {Int+2 Dex+5}
rElec  .         Spirit   +     U - +0 cloak {MR+}
rCorr  +         Warding  .     G - +2 pair of gloves of Untold Secrets {MR+ rCorr}
rMut   .         Stasis   .     W - +2 pair of boots {Stlth+}
MR     ++++.                    u - amulet of faith
Stlth  ..........               H - ring of Qenochyj {rPois Str+2}
                                X - +5 ring of evasion

@: incredibly resistant to hostile enchantments, extremely unstealthy
A: fangs 3, thin metallic scales 2, agile 1, blurry vision 1, breathe flames 1,
dopey 1, low mp 1, regeneration 3, strong 1, evolution 1, magic shield,
antimagic bite, no device heal 3, rot immunity
a: Heroism, Finesse, Renounce Religion, Breathe Fire
}: 2/15 runes: decaying, serpentine


You were on level 4 of the Depths.
You worshipped Okawaru.
Okawaru was exalted by your worship.
You were not hungry.

You visited 9 branches of the dungeon, and saw 47 of its levels.
You also visited: Ice Cave.

You collected 7068 gold pieces.
You spent 1270 gold pieces at shops.

Inventory:

Missiles
 N - 2 throwing nets (quivered)
Armour
 p - the +10 plate armour of the Undertaker (worn) {rF++ MP-9}
   (You found it on level 6 of the Dungeon)

   It greatly protects you from fire.
   It affects your magic capacity (-9).
 D - a +0 buckler of cold resistance (worn)
 G - the +2 pair of gloves of Untold Secrets (worn) {MR+ rCorr}
   (You bought it in a shop on level 3 of the Vaults)

   It affects your resistance to hostile enchantments.
   It protects you from acid and corrosion.
 O - a +1 hat of magic resistance
 R - a +2 buckler of protection
 T - the +0 helmet "Xeplajir" (worn) {Int+2 Dex+5}
   (Okawaru gifted it to you on level 5 of the Snake Pit)

   It affects your intelligence (+2).
   It affects your dexterity (+5).
 U - a +0 cloak of magic resistance (worn)
 W - a +2 pair of boots of stealth (worn)
Jewellery
 i - the ring of Poxkoamu {rElec AC+3 Str+2 Stlth-}
   (You took it off a deep elf high priest on level 2 of the Depths)

   [ring of protection]

   It affects your AC (+3).
   It affects your strength (+2).
   It insulates you from electricity.
   It makes you less stealthy.
 n - the amulet of Cekugob {Ward -Tele rElec rPois rN++ AC+1 EV+1}
   (You found it in an ice cave)

   [amulet of warding]

   It may prevent the melee attacks of summoned creatures.
   It affects your AC (+1).
   It affects your evasion (+1).
   It insulates you from electricity.
   It protects you from poison.
   It greatly protects you from negative energy.
   It prevents most forms of teleportation.
 q - an uncursed ring of see invisible
 u - an amulet of faith (around neck)
 E - an uncursed amulet of resist mutation
 H - the ring of Qenochyj (right hand) {rPois Str+2}
   (You found it on level 6 of the Dungeon)

   [ring of poison resistance]

   It affects your strength (+2).
   It protects you from poison.
 I - an uncursed ring of sustain abilities
 J - an uncursed ring of magical power
 L - an uncursed ring of protection from cold
 X - a +5 ring of evasion (left hand)
Magical devices
 h - a wand of cold (9)
 k - a wand of disintegration (10)
 m - a wand of teleportation (5)
 K - a wand of digging (11)
 P - a wand of fireball (7)
Scrolls
 c - 2 scrolls of amnesia
 g - 24 scrolls of remove curse
 l - 14 scrolls of enchant armour
 o - 6 scrolls of fear
 r - 2 scrolls of summoning
 v - 3 scrolls of blinking
 x - 4 scrolls of identify
 y - 10 scrolls of teleportation
 A - 11 scrolls of recharging
 B - a scroll of magic mapping
 C - 4 scrolls of fog
Potions
 a - 3 potions of haste
 e - 18 potions of curing
 f - 10 potions of might
 j - 4 potions of flight
 w - 7 potions of berserk rage
 z - a potion of invisibility
 F - 8 potions of cancellation
 M - a potion of restore abilities
 S - 2 potions of magic
 V - 7 potions of brilliance
 Z - 3 potions of cure mutation
Books
 t - a book of the Sky

   Spells                             Type                      Level
   a - Flight                         Charms/Air                   3
   b - Airstrike                      Air                          4
   c - Silence                        Hexes/Air                    5
   d - Deflect Missiles               Charms/Air                   6
   e - Conjure Ball Lightning         Conjuration/Air              6
   f - Tornado                        Air                          9
 Y - a book of Changes

   Spells                             Type                      Level
   a - Beastly Appendage              Transmutation                1
   b - Sticks to Snakes               Transmutation                2
   c - Spider Form                    Transmutation/Poison         3
   d - Ice Form                       Ice/Transmutation            4
   e - Blade Hands                    Transmutation                5
Comestibles
 b - 16 bread rations
 s - 11 meat rations
 Q - 12 fruits


   Skills:
 + Level 15.1 Fighting
 + Level 14.1 Armour
 + Level 14.0 Dodging
 - Level 2.4 Stealth
 - Level 5.0 Shields
 * Level 26.1 Unarmed Combat
 - Level 7.0 Invocations


You had 18 spell levels left.
You knew the following spells:

 Your Spells              Type           Power        Failure   Level  Hunger
a - Apportation           Tloc           #.........   100%        1    ##.....
b - Flight                Chrm/Air       #.........   100%        3    ####...


Dungeon Overview and Level Annotations

Branches:
Dungeon (15/15)            Temple (1/1) D:5            Lair (8/8) D:10
  Swamp (5/5) Lair:6        Snake (5/5) Lair:6        Slime (0/6) Lair:6
    Orc (4/4) D:10            Elf (1/3) Orc:4        Vaults (4/5) D:14
  Crypt (0/3) Vaults:3     Depths (4/5) D:15

Altars:
Ashenzari
Cheibriados
Dithmenos
Elyvilon
Fedhas
Gozag
Kikubaaqudgha
Makhleb
Nemelex Xobeh
Okawaru
Qazlal
Ru
Sif Muna
Trog
Vehumet
Xom
Yredelemnul
Zin
The Shining One
Jiyva

Shops:
D:4 (   D:15 %   Orc:2 (   Orc:4 =*[(   Vaults:2 }(   Vaults:3 (**

Portals:
Hell: Depths:1 Depths:2 Depths:3 Depths:4
Abyss: Depths:3 Depths:4
Pandemonium: Depths:3
Ziggurat: Depths:4
Trove: Vaults:4 (give 6 potions of haste)

Annotations:
D:8 exclusion: oklob plant
Lair:5 exclusion: 3 oklob plants
Depths:3 exclusion: ice statue


Innate Abilities, Weirdness & Mutations

You have razor-sharp teeth.
You regenerate.
When hurt, damage is shared between your health and your magic reserves.
Your bite disrupts and absorbs the magic of your enemies.
Potions and wands cannot restore your health.
You are immune to rotting.
You are mostly covered in thin metallic scales (AC +3).
You are agile. (Dex +2)
Scrolls take you a little longer to read.
You can breathe flames.
You are dopey. (Int -2)
Your magical capacity is low (-10% MP).
Your muscles are strong. (Str +2)
You evolve.


Message History

You hit the storm dragon but do no damage.
You bite the storm dragon. You drain its power.
You feel invigorated.
The storm dragon is heavily wounded.
You block the storm dragon's attack.
The storm dragon claws you but does no damage.
The storm dragon barely misses you.
A storm dragon comes into view.
You pummel the storm dragon!!!
You bite the storm dragon, but do no damage.
The storm dragon is almost dead.
The titan waves its arms in wide circles.
The air twists around and strikes you!
* * * LOW HITPOINT WARNING * * *
The storm dragon breathes lightning at you.
The bolt of lightning hits the titan.
The titan resists.
The bolt of lightning misses the storm dragon.
The bolt of lightning hits you!
* * * LOW HITPOINT WARNING * * *
The bolt of lightning hits you!
You die...

...# ...##### ###
.......# ##.##
........###...##
.......###.#.#.##
...######.#####.## #
...# #...# #...# .#
...######.## ##.####
.# .......#.#.#
#.#@#.#.#
.......)###...###D.C#
.......#†# #.#
#.#.#D#
...######.#####.####
.# * ...# ..# #.. .#
...# ## ## * # ...# ,
, ...# , * ...# *


You could see a titan and 2 storm dragons.

Vanquished Creatures
  Boris (Vaults:4)
  Saint Roka (Vaults:4)
  Mara (Swamp:3)
  A golden dragon (Depths:2)
  Nikola (Snake:5)
  Asterion (Depths:1)
  A titan (Depths:4)
  5 liches
  3 sphinxes
  2 octopode crushers (Depths:2)
  Rupert (Swamp:5)
  Agnes (Swamp:2)
  A storm dragon (Depths:4)
  2 thorn hunters (Swamp:5)
  Kirke (Swamp:1)
  A tengu reaver (Depths:4)
  10 greater nagas
  11 fire giants
  12 vault wardens
  Donald (Swamp:1)
  Wiglaf (Vaults:3)
  An orc warlord (Orc:4)
  6 frost giants
  3 emperor scorpions
  A caustic shrike zombie (Depths:2)
  Gastronok (Lair:1)
  15 very ugly things
  Jorgrun (Swamp:5)
  8 ironheart preservers
  A player illusion (Swamp:3)
  A caustic shrike skeleton (Depths:3)
  10 stone giants
  A deep elf demonologist (Vaults:4)
  3 dire elephants
  A deep elf annihilator (Vaults:4)
  2 merfolk javelineers (Depths:2)
  Snorg (Swamp:4)
  A minotaur (Depths:2)
  A crystal guardian (Vaults:4)
  2 eidola (Vaults:3)
  A quicksilver dragon zombie (Depths:3)
  3 ettins
  11 vault guards
  The ghost of Tomod the Fighter, a powerful MiBe of Trog (D:11)
  5 fire dragons
  The ghost of busb the Nimble, a powerful OpSu of Dithmenos (Lair:6)
  5 yaktaur captains
  27 hydras
  A rakshasa (Vaults:1)
  Fannar (Lair:3)
  A deep elf high priest (Depths:2)
  A hell beast (Depths:2)
  5 great orbs of eyes
  7 ice dragons
  4 catoblepae
  A spriggan air mage (Depths:3)
  6 naga warriors
  11 ogre magi
  6 centaur warriors
  The ghost of Fiveotanaka the Brawler, a powerful VSMo of Okawaru (IceCv)
  A dancing weapon (Vaults:3)
  21 anacondas
  7 deep troll earth magi
  7 deep troll shamans
  7 naga sharpshooters
  10 alligators
  A tengu warrior (D:13)
  7 shock serpents
  Urug (Swamp:1)
  4 orc high priests (Orc:4)
  20 death yaks
  A spriggan berserker (Depths:3)
  A spriggan rider (Swamp:3)
  A vampire mage (Vaults:3)
  5 spriggans
  4 iron trolls
  4 hell knights (Depths:3)
  3 deep elf knights
  5 salamander mystics
  An ice devil (Depths:2)
  8 naga ritualists
  5 skeletal warriors (Vaults:1)
  A shadow wraith (Vaults:2)
  An unseen horror (shapeshifter) (Depths:3)
  3 unseen horrors
  A shambling mangrove (Swamp:4)
  A death drake (shapeshifter) (Depths:3)
  3 giant orange brains
  2 deep elf summoners
  12 swamp dragons
  3 spriggan druids
  An ice statue (IceCv)
  27 deep trolls
  Erolcha (Orc:4)
  A flayed ghost (Vaults:1)
  9 hill giants
  46 ugly things
  A sea snake (Snake:3)
  A golden dragon skeleton (Depths:2)
  15 orc knights
  17 ironbrand convokers
  12 mana vipers
  5 wolf spiders
  10 cyclopes
  A wizard (Vaults:3)
  9 necromancers
  2 stone giant zombies
  9 salamanders
  2 manticores (Depths:2)
  4 griffons
  40 black mambas
  2 deep elf conjurers
  4 hornets
  5 orc sorcerers
  A rust devil (Depths:2)
  An octopode (shapeshifter) (Vaults:1)
  2 centaur zombies
  12 guardian serpents
  A moth of wrath (shapeshifter) (Vaults:1)
  13 vault sentinels
  2 fire giant skeletons
  4 elephants (Lair:7)
  21 naga magi
  3 gargoyles
  A torpor snail (Lair:7)
  24 spiny frogs
  A frost giant skeleton (Depths:2)
  A yaktaur zombie (Vaults:1)
  A kobold demonologist (D:12)
  2 centaur skeletons
  A spiny frog (shapeshifter) (Depths:3)
  11 komodo dragons
  17 freezing wraiths
  A red devil (Depths:2)
  A troll (shapeshifter) (Depths:2)
  A fire drake (shapeshifter) (Depths:4)
  6 trolls
  4 deep elf priests
  A wandering mushroom (Lair:8)
  4 polar bears
  31 yaktaurs
  2 blink frogs (shapeshifter)
  4 tengu conjurers
  2 human skeletons
  A queen bee (Lair:2)
  22 blink frogs
  3 fire drakes
  Grinder (D:4)
  18 two-headed ogres
  2 hornet zombies
  Prince Ribbit (D:8)
  10 giant leeches
  A boulder beetle (Vaults:3)
  12 ravens
  37 slime creatures
  4 basilisks
  A redback (Vaults:3)
  9 bog bodies
  6 wraiths
  2 fire giant simulacra
  A vampire (D:12)
  5 shadows
  3 wyverns
  An ettin skeleton (Vaults:3)
  2 air elementals (Depths:3)
  2 golden eyes (shapeshifter)
  3 trapdoor spiders
  8 water elementals
  8 hogs
  A hungry ghost (D:7)
  A human (D:7)
  6 deep elf fighters
  A ynoxinul (Orc:4)
  6 deep elf magi
  81 yaks
  Grum (D:8)
  40 vampire mosquitoes
  An elf skeleton (Depths:2)
  7 wargs
  4 mottled dragons
  3 steam dragons
  46 nagas
  2 wolves (D:8)
  13 hippogriffs
  2 ogre zombies (D:15)
  11 insubstantial wisps
  2 soldier ants
  29 swamp worms
  60 orc warriors
  9 porcupines
  2 sky beasts
  14 swamp drakes
  14 ice beasts
  A soldier ant (shapeshifter) (Depths:2)
  9 wasps
  66 water moccasins
  A hornet simulacrum (Vaults:1)
  6 spiders (Lair:8)
  An eye of draining (shapeshifter) (Vaults:4)
  37 ogres
  4 black bears
  A phantom (D:5)
  5 necrophages (Lair:6)
  An eye of draining (D:9)
  18 centaurs
  10 boggarts
  An ettin simulacrum (Vaults:2)
  A boring beetle (Lair:4)
  23 crocodiles
  A wyvern zombie (D:9)
  20 giant frogs
  4 big kobolds
  5 scorpions
  A troll zombie (Vaults:4)
  A wyvern skeleton (D:14)
  An elephant simulacrum (IceCv)
  5 wights (D:11)
  34 killer bees
  A swamp dragon simulacrum (IceCv)
  3 electric eels
  A giant frog zombie (D:9)
  3 goliath beetles
  5 crimson imps
  6 draconian simulacra (IceCv)
  11 hounds
  A quasit (D:8)
  A goliath beetle (shapeshifter) (Vaults:2)
  2 human simulacra (Vaults:1)
  47 orc priests
  10 iguanas
  3 jellies
  A giant frog skeleton (D:12)
  36 orc wizards
  16 worker ants
  An elf simulacrum (Vaults:3)
  3 spriggan simulacra
  27 sheep
  A killer bee zombie (D:9)
  5 centaur simulacra (IceCv)
  2 wolf simulacra (IceCv)
  3 troll simulacra (IceCv)
  2 ogre simulacra (IceCv)
  3 naga simulacra (IceCv)
  45 adders
  4 shadow imps
  4 giant mites
  98 river rats
  12 white imps (IceCv)
  6 worms
  2 ufetubi (Orc:4)
  2 adder skeletons
  An ooze (D:5)
  270 orcs
  9 bats
  5 giant cockroaches
  23 hobgoblins
  3 jackals (D:4)
  36 kobolds
  5 giant geckos
  2 giant gecko skeletons
  A giant newt (D:1)
  18 goblins
  A jackal skeleton (D:5)
  6 orc zombies
  6 quokkas
  17 rats
  2 fungi
  2 plants
2319 creatures vanquished.

Vanquished Creatures (others)
  A lich (Depths:3)
  An eldritch tentacle (Vaults:4)
  A tengu reaver (Depths:3)
  A centaur (Vaults:2)
  An ogre (Depths:2)
  A worker ant (D:5)
  2 orcs
  An orc zombie (Orc:4)
  69 eldritch tentacle segments (Vaults:4)
  7 fungi
  4 plants
89 creatures vanquished.

Grand Total: 2408 creatures vanquished

Notes
Turn   | Place    | Note
--------------------------------------------------------------
     0 | D:1      | Fiveotanaka, the Vine Stalker Monk, began the quest for the Orb.
     0 | D:1      | Reached XP level 1. HP: 11/11 MP: 1/1
   483 | D:1      | Reached XP level 2. HP: 16/16 MP: 3/3
   671 | D:2      | Found a basalt altar of Yredelemnul.
   717 | D:2      | Reached XP level 3. HP: 13/19 MP: 4/4
   745 | D:2      | Reached skill level 5 in Unarmed Combat
  1065 | D:2      | Reached XP level 4. HP: 12/23 MP: 5/5
  1659 | D:3      | Noticed a moth of wrath
  1662 | D:3      | Found a bloodstained altar of Trog.
  1688 | D:3      | Reached skill level 6 in Unarmed Combat
  1925 | D:3      | Reached XP level 5. HP: 27/27 MP: 7/7
  2157 | D:4      | Noticed Grinder
  2187 | D:4      | Paralysed by Grinder for 7 turns
  2205 | D:4      | Killed Grinder
  2205 | D:4      | Reached skill level 8 in Unarmed Combat
  2205 | D:4      | Gained mutation: You heal very quickly. [vine stalker growth]
  2205 | D:4      | Reached XP level 6. HP: 7/32 MP: 8/8
  2381 | D:4      | Found Khoss' Weapon Boutique.
  2658 | D:5      | Entered Level 5 of the Dungeon
  2724 | D:5      | Reached XP level 7. HP: 35/35 MP: 9/9
  2867 | D:5      | Found a staircase to the Ecumenical Temple.
  2877 | Temple   | Entered the Ecumenical Temple
  3064 | Temple   | Became a worshipper of Warmaster Okawaru
  3064 | Temple   | Acquired Okawaru's first power
  3295 | D:5      | Reached skill level 9 in Unarmed Combat
  3660 | D:6      | Gained mutation: You have razor-sharp teeth. [vine stalker growth]
  3660 | D:6      | Reached XP level 8. HP: 32/39 MP: 11/11
  3666 | D:6      | Got a bound silver ring
  3668 | D:6      | Identified the ring of Qenochyj {rPois Str+2} (You found it on level 6 of the Dungeon)
  3722 | D:6      | Reached skill level 10 in Unarmed Combat
  4070 | D:6      | Got a steaming plate armour
  4072 | D:6      | Identified the +10 plate armour of the Undertaker {rF++ MP-9} (You found it on level 6 of the Dungeon)
  4678 | D:7      | Reached skill level 11 in Unarmed Combat
  4726 | D:7      | Found a blossoming altar of Fedhas.
  4727 | D:7      | Found a sacrificial altar of Ru.
  4940 | D:7      | Reached XP level 9. HP: 34/43 MP: 12/12
  4944 | D:7      | Reached skill level 12 in Unarmed Combat
  5162 | D:7      | Reached skill level 1 in Armour
  5479 | D:8      | Noticed Prince Ribbit
  5568 | D:8      | Killed Prince Ribbit
  5658 | D:8      | Found a white marble altar of Elyvilon.
  5710 | D:8      | Reached skill level 13 in Unarmed Combat
  5724 | D:8      | Found a stormy altar of Qazlal.
  5726 | D:8      | Noticed Grum
  5730 | D:8      | Found a snail-covered altar of Cheibriados.
  5746 | D:8      | Acquired Okawaru's second power
  5746 | D:8      | Reached XP level 10. HP: 37/47 MP: 13/13
  5749 | D:8      | Killed Grum
  5825 | D:8      | Noticed an oklob plant
  6371 | D:9      | Got a steaming robe
  6372 | D:9      | Identified the +2 robe "Ghagitho" {-Tele rElec rC+ rCorr Int+7} (You found it on level 9 of the Dungeon)
  6921 | D:9      | Received a gift from Okawaru
  7073 | D:9      | HP: 1/47 [troll (3)]
  7074 | D:9      | Reached skill level 14 in Unarmed Combat
  7234 | D:9      | Reached skill level 5 in Armour
  7315 | D:9      | Reached skill level 5 in Dodging
  7315 | D:9      | Reached XP level 11. HP: 46/51 MP: 15/15
  7424 | D:10     | Entered Level 10 of the Dungeon
  7439 | D:10     | Learned a level 1 spell: Apportation
  7521 | D:10     | Noticed a hill giant
  7595 | D:10     | Noticed a hill giant
  7602 | D:10     | Killed a hill giant
  7627 | D:10     | Killed a hill giant
  7817 | D:10     | Found a staircase to the Lair.
  7934 | D:10     | Found a staircase to the Orcish Mines.
  8047 | Lair:1   | Entered Level 1 of the Lair of Beasts
  8445 | Lair:1   | Received a gift from Okawaru
  8521 | Lair:1   | Noticed a seven-headed hydra
  8890 | D:11     | Reached skill level 15 in Unarmed Combat
  9145 | D:11     | Noticed a hill giant
  9159 | D:11     | Killed a hill giant
  9159 | D:11     | Gained mutation: You regenerate. [vine stalker growth]
  9159 | D:11     | Reached XP level 12. HP: 56/58 MP: 16/16
  9234 | D:11     | Noticed Tomod's ghost (powerful MiBe)
  9260 | D:11     | Killed Tomod's ghost
 10099 | D:12     | Reached skill level 5 in Fighting
 10222 | D:12     | Received a gift from Okawaru
 10276 | D:12     | Noticed an eight-headed hydra
 10281 | D:12     | Killed an eight-headed hydra
 10281 | D:12     | Reached skill level 16 in Unarmed Combat
 10965 | D:12     | Noticed a seven-headed hydra
 10984 | D:12     | Killed a seven-headed hydra
 11416 | Lair:1   | Noticed Gastronok
 11431 | Lair:1   | Killed Gastronok
 11431 | Lair:1   | Reached XP level 13. HP: 65/65 MP: 17/17
 11878 | Lair:1   | Killed a seven-headed hydra
 11943 | Lair:2   | Received a gift from Okawaru
 12110 | Lair:2   | Reached skill level 17 in Unarmed Combat
 13530 | Lair:3   | Noticed Fannar
 13545 | Lair:3   | Killed Fannar
 14307 | Lair:4   | Received a gift from Okawaru
 14407 | Lair:4   | Reached XP level 14. HP: 56/72 MP: 18/18
 14439 | Lair:4   | Reached skill level 18 in Unarmed Combat
 14918 | Lair:5   | Received a gift from Okawaru
 15541 | Lair:5   | Found a deep blue altar of Sif Muna.
 15626 | Lair:6   | Found a staircase to the Snake Pit.
 15687 | Lair:6   | Found a viscous altar of Jiyva.
 15688 | Lair:6   | Found a staircase to the Slime Pits.
 15693 | Lair:6   | Noticed busb's ghost (powerful OpSu)
 15700 | Lair:6   | Killed busb's ghost
 15940 | Lair:6   | Found a staircase to the Swamp.
 16446 | Lair:7   | Received a gift from Okawaru
 16450 | Lair:7   | Got a bloodstained leather armour {god gift}
 16461 | Lair:7   | Identified the +0 leather armour of Life {rPois rN+} (Okawaru gifted it to you on level 7 of the Lair of Beasts)
 16914 | Lair:7   | Reached skill level 19 in Unarmed Combat
 17640 | Lair:8   | Entered Level 8 of the Lair of Beasts
 17665 | Lair:8   | Reached XP level 15. HP: 62/77 MP: 19/19
 18090 | Lair:8   | Received a gift from Okawaru
 18524 | Lair:8   | Gained mutation: Your body is slowly deteriorating. [mutagenic meat]
 19309 | Orc:1    | Entered Level 1 of the Orcish Mines
 19858 | Orc:2    | Reached skill level 1 in Shields
 20129 | Orc:2    | Found Mnoel's Weapon Shoppe.
 20642 | Orc:3    | Received a gift from Okawaru
 20965 | Orc:4    | Entered Level 4 of the Orcish Mines
 21141 | Orc:4    | Found a burning altar of Makhleb.
 21186 | Orc:4    | Found a frozen archway.
 21230 | IceCv    | Entered an ice cave
 21508 | IceCv    | Noticed Fiveotanaka's ghost (powerful VSMo)
 21526 | IceCv    | Killed Fiveotanaka's ghost
 21532 | IceCv    | Found an ancient bone altar of Kikubaaqudgha.
 22277 | Orc:4    | Received a gift from Okawaru
 22377 | Orc:4    | Reached XP level 16. HP: 84/84 MP: 20/20
 22757 | Orc:4    | Reached skill level 20 in Unarmed Combat
 22946 | Orc:4    | Found Qano Cog's Antique Armour Shop.
 22947 | Orc:4    | Found Jaufeti's Antique Weapon Boutique.
 22948 | Orc:4    | Found Schoriet's General Store.
 22948 | Orc:4    | Found Winiun's Jewellery Shop.
 22954 | Orc:4    | Bought a pair of embroidered boots for 112 gold pieces
 22969 | Orc:4    | Bought a scroll of identify for 34 gold pieces
 22975 | Orc:4    | Bought a cursed amulet of inaccuracy for 26 gold pieces
 22975 | Orc:4    | Bought a cursed ring of loudness for 58 gold pieces
 23200 | Orc:4    | Found a staircase to the Elven Halls.
 23202 | Orc:4    | Noticed Erolcha
 23214 | Orc:4    | Killed Erolcha
 23449 | Elf:1    | Entered Level 1 of the Elven Halls
 23931 | Swamp:1  | Entered Level 1 of the Swamp
 24010 | Swamp:1  | Noticed Donald
 24038 | Swamp:1  | Killed Donald
 24179 | Swamp:1  | Noticed Kirke
 24198 | Swamp:1  | Noticed a sphinx
 24206 | Swamp:1  | Killed a sphinx
 24213 | Swamp:1  | Killed Kirke
 24213 | Swamp:1  | Reached skill level 10 in Dodging
 24481 | Swamp:1  | Received a gift from Okawaru
 24512 | Swamp:1  | Noticed Urug
 24523 | Swamp:1  | Killed Urug
 24634 | Swamp:1  | Reached skill level 5 in Shields
 24847 | Swamp:2  | Noticed Agnes
 24853 | Swamp:2  | Killed Agnes
 25015 | Swamp:2  | Reached skill level 10 in Fighting
 25086 | Swamp:2  | Received a gift from Okawaru
 25505 | Swamp:3  | Received a gift from Okawaru
 25626 | Swamp:3  | Noticed Mara
 25630 | Swamp:3  | Noticed Fiveotanaka's illusion
 25644 | Swamp:3  | Killed Fiveotanaka's illusion
 25672 | Swamp:3  | Killed Mara
 25672 | Swamp:3  | Reached skill level 10 in Armour
 26534 | Swamp:4  | Identified a scroll of acquirement
 26535 | Swamp:4  | Got a pair of translucent boots
 26546 | Swamp:4  | Identified the -1 pair of boots "Mukkyum" {rN+ rCorr Int-5} (You acquired it on level 4 of the Swamp)
 26739 | Swamp:4  | Reached XP level 17. HP: 82/90 MP: 19/21
 26745 | Swamp:4  | Noticed Snorg
 26756 | Swamp:4  | Killed Snorg
 27117 | Swamp:5  | Entered Level 5 of the Swamp
 27192 | Swamp:5  | Noticed Jorgrun
 27282 | Swamp:5  | Killed Jorgrun
 27473 | Swamp:5  | Reached skill level 21 in Unarmed Combat
 27473 | Swamp:5  | Reached skill level 1 in Invocations
 27491 | Swamp:5  | Received a gift from Okawaru
 27716 | Swamp:5  | Got a decaying rune of Zot
 27901 | Swamp:5  | Gained mutation: You are partially covered in thin metallic scales (AC +2). [mutagenic meat]
 27902 | Swamp:5  | Gained mutation: Your body is deteriorating. [mutagenic meat]
 27903 | Swamp:5  | Gained mutation: You can breathe flames. [mutagenic meat]
 27904 | Swamp:5  | Gained mutation: You are agile. (Dex +2) [mutagenic meat]
 28190 | Swamp:5  | Noticed Rupert
 28202 | Swamp:5  | Killed Rupert
 28539 | Snake:1  | Entered Level 1 of the Snake Pit
 28760 | Snake:1  | Reached skill level 5 in Invocations
 28761 | Snake:1  | Gained mutation: You have an increased reservoir of magic (+10% MP). [potion of mutation]
 28761 | Snake:1  | Gained mutation: Your spells are a little easier to cast, but a little less powerful. [potion of mutation]
 29243 | Snake:2  | Received a gift from Okawaru
 29627 | Snake:2  | Reached XP level 18. HP: 95/95 MP: 30/30
 29935 | Snake:3  | Reached skill level 22 in Unarmed Combat
 30858 | Snake:5  | Entered Level 5 of the Snake Pit
 30880 | Snake:5  | Received a gift from Okawaru
 31450 | Snake:4  | Lost mutation: Your body is deteriorating. [mutagenic meat]
 31452 | Snake:4  | Gained mutation: Your spells are easier to cast, but less powerful. [mutagenic meat]
 31453 | Snake:4  | Gained mutation: You are weak. (Str -2) [mutagenic meat]
 31999 | Snake:5  | Noticed Nikola
 32048 | Snake:5  | Killed Nikola
 32089 | Snake:5  | Reached skill level 23 in Unarmed Combat
 32092 | Snake:5  | Received a gift from Okawaru
 32167 | Snake:5  | Got a bloodstained helmet {god gift}
 32178 | Snake:5  | Identified the +0 helmet "Xeplajir" {Int+2 Dex+5} (Okawaru gifted it to you on level 5 of the Snake Pit)
 32613 | Snake:5  | Lost mutation: You are weak. (Str -2) [mutagenic meat]
 32614 | Snake:5  | Gained mutation: Armour fits poorly on your strangely shaped body. [mutagenic meat]
 32615 | Snake:5  | Gained mutation: You are mostly covered in thin metallic scales (AC +3). [mutagenic meat]
 32616 | Snake:5  | Gained mutation: You expend magic power (3 MP) to slightly strengthen your wands. [mutagenic meat]
 32672 | Snake:5  | Lost mutation: Your body is slowly deteriorating. [mutagenic meat]
 32674 | Snake:5  | Gained mutation: You have a pair of small horns on your head. [mutagenic meat]
 32675 | Snake:5  | Gained mutation: Space occasionally distorts in your vicinity. [mutagenic meat]
 32717 | Snake:5  | Lost mutation: You have a pair of small horns on your head. [mutagenic meat]
 32720 | Snake:5  | Lost mutation: You are mostly covered in thin metallic scales (AC +3). [mutagenic meat]
 32758 | Snake:5  | Reached XP level 19. HP: 91/99 MP: 33/33
 32781 | Snake:5  | Received a gift from Okawaru
 33721 | Snake:5  | Got a serpentine rune of Zot
 34318 | D:13     | Noticed a five-headed hydra
 34320 | D:13     | Killed a five-headed hydra
 34381 | D:13     | Noticed a five-headed hydra
 34401 | D:13     | Killed a five-headed hydra
 34516 | D:13     | Noticed a tengu warrior
 34524 | D:13     | Killed a tengu warrior
 34683 | D:13     | Received a gift from Okawaru
 35319 | D:14     | Received a gift from Okawaru
 35470 | D:14     | Lost mutation: Your spells are easier to cast, but less powerful. [mutagenic meat]
 35471 | D:14     | Gained mutation: You passively map a small area around you. [mutagenic meat]
 35472 | D:14     | Gained mutation: Your muscles are strong. (Str +2) [mutagenic meat]
 35474 | D:14     | Gained mutation: Your muscles are very strong. (Str +4) [mutagenic meat]
 35901 | D:14     | Found a gate to the Vaults.
 36548 | D:15     | Entered Level 15 of the Dungeon
 36728 | D:15     | Received a gift from Okawaru
 36740 | D:15     | Got a steaming chain mail {god gift}
 36741 | D:15     | Identified the +6 chain mail of the Eight Boll Weevils {rElec rN+} (Okawaru gifted it to you on level 15 of the Dungeon)
 37275 | D:15     | Found Vasepn's Food Emporium.
 37607 | D:15     | Found a staircase to the Depths.
 37841 | Vaults:1 | Entered Level 1 of the Vaults
 37879 | Vaults:1 | Gained mutation: You expend magic power (6 MP) to strengthen your wands. [mutagenic meat]
 37880 | Vaults:1 | Gained mutation: You are dopey. (Int -2) [mutagenic meat]
 38082 | Vaults:1 | Reached XP level 20. HP: 99/107 MP: 22/34
 38354 | Vaults:1 | Lost mutation: Space occasionally distorts in your vicinity. [mutagenic meat]
 38372 | Vaults:1 | Gained mutation: You have difficulty communicating with the divine. [mutagenic meat]
 39084 | Vaults:1 | Received a gift from Okawaru
 39215 | Vaults:2 | Found Tuttan's Gadget Boutique.
 39373 | Vaults:2 | Gained mutation: You possess an exceptional clarity of mind. [mutagenic meat]
 39376 | Vaults:2 | Lost mutation: Your muscles are very strong. (Str +4) [mutagenic meat]
 39405 | Vaults:2 | Received a gift from Okawaru
 39579 | Vaults:2 | Found Lisiofim's Antique Weapon Shop.
 40076 | Vaults:2 | Reached skill level 24 in Unarmed Combat
 40403 | Vaults:3 | Noticed Wiglaf
 40419 | Vaults:3 | Killed Wiglaf
 40464 | Vaults:3 | Found a staircase to the Crypt.
 40491 | Vaults:3 | Received a gift from Okawaru
 41087 | Vaults:3 | Found Gozag's Assorted Antiques.
 41115 | Vaults:3 | Found an opulent altar of Gozag.
 41152 | Vaults:3 | Found Gozag's Antique Weapon Emporium.
 41175 | Vaults:3 | Bought a fuming purple potion for 90 gold pieces
 41183 | Vaults:3 | Reached XP level 21. HP: 68/113 MP: 21/34
 41219 | Vaults:3 | Found Gozag's Assorted Antiques.
 41313 | Vaults:3 | Bought a pair of bloodstained gloves for 950 gold pieces
 41313 | Vaults:3 | Identified the +2 pair of gloves of Untold Secrets {MR+ rCorr} (You bought it in a shop on level 3 of the Vaults)
 41629 | Vaults:3 | Lost mutation: You are agile. (Dex +2) [mutagenic meat]
 41973 | Vaults:4 | Identified the Almanac of Black Arts and Protection
 41985 | Vaults:4 | Noticed Saint Roka
 42190 | Vaults:4 | Lost mutation: Your spells are a little easier to cast, but a little less powerful. [mutagenic meat]
 42194 | Vaults:4 | Lost mutation: You possess an exceptional clarity of mind. [mutagenic meat]
 42197 | Vaults:4 | Gained mutation: You are mostly covered in thin metallic scales (AC +3). [mutagenic meat]
 42243 | Vaults:4 | Gained mutation: Your spells are a little easier to cast, but a little less powerful. [mutagenic meat]
 42244 | Vaults:4 | Gained mutation: You are very dopey. (Int -4) [mutagenic meat]
 42280 | Vaults:4 | Noticed Boris
 42297 | Vaults:4 | Killed Boris
 42331 | Vaults:4 | Received a gift from Okawaru
 42827 | Vaults:4 | Found a portal to a secret trove of treasure.
 42958 | Vaults:4 | Gained mutation: You evolve. [potion of beneficial mutation]
 43066 | Vaults:4 | Lost mutation: Your spells are a little easier to cast, but a little less powerful. [mutagenic meat]
 43070 | Vaults:4 | Lost mutation: Armour fits poorly on your strangely shaped body. [mutagenic meat]
 43071 | Vaults:4 | Lost mutation: You have difficulty communicating with the divine. [mutagenic meat]
 43072 | Vaults:4 | Gained mutation: You are partially covered in icy blue scales (AC +1). [mutagenic meat]
 43172 | Vaults:4 | Killed Saint Roka
 43172 | Vaults:4 | Reached skill level 25 in Unarmed Combat
 43271 | Vaults:4 | Received a gift from Okawaru
 43296 | Vaults:4 | Lost mutation: You are very dopey. (Int -4) [mutagenic meat]
 43297 | Vaults:4 | Lost mutation: You have an increased reservoir of magic (+10% MP). [mutagenic meat]
 43298 | Vaults:4 | Gained mutation: Your magical capacity is low (-10% MP). [mutagenic meat]
 43694 | Depths:1 | Entered Level 1 of the Depths
 43742 | Depths:1 | Found a gateway to Hell.
 43748 | Depths:1 | Reached XP level 22. HP: 99/120 MP: 19/28
 44056 | Depths:2 | Learned a level 3 spell: Flight
 44658 | Depths:2 | Received a gift from Okawaru
 44775 | Depths:2 | Got a smoking tin ring
 44776 | Depths:2 | Identified the ring of Poxkoamu {rElec AC+3 Str+2 Stlth-} (You took it off a deep elf high priest on level 2 of the Depths)
 44965 | Depths:1 | Noticed Asterion
 45037 | Depths:1 | Killed Asterion
 45337 | Depths:1 | Received a gift from Okawaru
 45605 | Depths:3 | Found a one-way gate leading to the halls of Pandemonium.
 45665 | Depths:3 | Found a one-way gate to the infinite horrors of the Abyss.
 45911 | Depths:3 | Found a glowing silver altar of Zin.
 46088 | Depths:3 | Gained mutation: You can spit poison. [evolution]
 46097 | Depths:3 | Reached XP level 23. HP: 114/125 MP: 19/28
 46120 | Depths:3 | Found a runed door.
 46307 | Depths:4 | Found a gateway to a ziggurat.
 46500 | Depths:4 | Gained mutation: Scrolls take you a little longer to read. [mutagenic meat]
 46501 | Depths:4 | Lost mutation: Your magical capacity is low (-10% MP). [mutagenic meat]
 46505 | Depths:4 | Lost mutation: You can spit poison. [mutagenic meat]
 46507 | Depths:4 | Gained mutation: You are agile. (Dex +2) [mutagenic meat]
 46508 | Depths:4 | Lost mutation: You expend magic power (6 MP) to strengthen your wands. [mutagenic meat]
 46509 | Depths:4 | Lost mutation: Your muscles are strong. (Str +2) [mutagenic meat]
 46511 | Depths:4 | Lost mutation: You are partially covered in icy blue scales (AC +1). [mutagenic meat]
 46512 | Depths:4 | Gained mutation: Your muscles are strong. (Str +2) [mutagenic meat]
 46559 | Depths:4 | Received a gift from Okawaru
 46566 | Depths:4 | Lost mutation: You expend magic power (3 MP) to slightly strengthen your wands. [mutagenic meat]
 46605 | Depths:4 | Lost mutation: You passively map a small area around you. [mutagenic meat]
 46606 | Depths:4 | Gained mutation: Your magical capacity is low (-10% MP). [mutagenic meat]
 46772 | Depths:4 | Reached skill level 15 in Fighting
 46772 | Depths:4 | Reached skill level 26 in Unarmed Combat
 46883 | Depths:4 | Received a gift from Okawaru
 46952 | Depths:4 | HP: 1/126 [storm dragon/bolt of lightning (18)]
 46952 | Depths:4 | Killed from afar by a storm dragon

Action                   |  1- 3 |  4- 6 |  7- 9 | 10-12 | 13-15 | 16-18 | 19-21 | 22-24 || total
-------------------------+-------+-------+-------+-------+-------+-------+-------+-------++-------
Melee: Unarmed           |    77 |   105 |   248 |   632 |  1375 |  1219 |  1288 |   569 ||  5513
Invok: Heroism           |       |       |       |     2 |     4 |     2 |       |       ||     8
       Finesse           |       |       |       |     1 |       |       |     1 |       ||     2
Evoke: Wand              |       |       |       |     1 |       |       |       |       ||     1
  Use: Scroll            |       |       |     7 |     8 |    13 |    19 |     5 |     4 ||    56
       Potion            |       |       |       |       |       |     2 |     1 |       ||     3
 Stab: Sleeping          |     1 |     7 |       |     1 |     3 |     9 |     5 |       ||    26
       Distracted        |       |       |       |     1 |     1 |     1 |     2 |       ||     5
       Confused          |       |       |       |       |       |     2 |       |       ||     2
  Eat: Chunk             |    10 |     4 |    11 |    19 |    22 |    50 |    82 |    23 ||   221
       Pizza             |       |       |       |       |     1 |     1 |     1 |       ||     3
       Bread ration      |       |       |       |       |     1 |       |     1 |       ||     2
       Beef jerky        |       |       |       |       |     1 |       |     2 |     1 ||     4
       Fruit             |       |       |       |       |       |     2 |       |       ||     2
       Royal jelly       |       |       |       |       |       |     1 |       |     1 ||     2
